SL
FT. WORTH CATTLEMEN @ VANCOUVER GREY WOLVES
09/19/2027
 
TOP OF THE 1ST
Ft. Worth Cattlemen batting - Pitching for Vancouver Grey Wolves : LHP Gerardo Pagán
Pitching: LHP Gerardo Pagán
Batting: SHB Gregg Wagner 0-0: Ball
1-0: Ball
2-0: Foul Ball, location: 2F
2-1: Called Strike
2-2: Foul Ball, location: 2F
2-2: Fly out, F8 (Flyball, 8RS)
Batting: SHB Robby Day 0-0: Ball
1-0: Ball
2-0: Called Strike
2-1: Ball
3-1: Ground out 5-3 (Groundball, 56)
Batting: RHB Bart Lewis 0-0: Called Strike
0-1: Ball
1-1: Swinging Strike
1-2: Foul Ball, location: 2F
1-2: Ball
2-2: Reached on error, E4 (Groundball, 4)
Batting: LHB Ryan Westlake 0-0: Ball
1-0: Called Strike
1-1: Swinging Strike
1-2: Ball
2-2: Ball
3-2: Strikes out swinging
Top of the 1st over - 0 run(s), 0 hit(s), 1 error(s), 1 left on base; Ft. Worth 0 - Vancouver 0
BOTTOM OF THE 1ST
Vancouver Grey Wolves batting - Pitching for Ft. Worth Cattlemen : LHP Bartolomeu Lio
Pitching: LHP Bartolomeu Lio
Batting: RHB Hank Scorpio 0-0: Ground out 6-3 (Groundball, 6)
Batting: RHB Logan Namajunas 0-0: Called Strike
0-1: Ball
1-1: Foul Ball, location: 2F
1-2: Ground out 6-3 (Groundball, 6)
Batting: RHB Frank Grimes 0-0: Ball
1-0: Ball
2-0: Fly out, F8 (Flyball, 8LM)
Bottom of the 1st over - 0 run(s), 0 hit(s), 0 error(s), 0 left on base; Ft. Worth 0 - Vancouver 0
TOP OF THE 2ND
Ft. Worth Cattlemen batting - Pitching for Vancouver Grey Wolves : LHP Gerardo Pagán
Batting: LHB Nobuo Yamashita 0-0: Ball
1-0: Called Strike
1-1: Ball
2-1: Called Strike
2-2: Strikes out swinging
Batting: RHB Tim Burney 0-0: Called Strike
0-1: Fly out, F9 (Flyball, 9)
Batting: RHB Santo Alba 0-0: Called Strike
0-1: Ball
1-1: Ground out 5-3 (Groundball, 5)
Top of the 2nd over - 0 run(s), 0 hit(s), 0 error(s), 0 left on base; Ft. Worth 0 - Vancouver 0
BOTTOM OF THE 2ND
Vancouver Grey Wolves batting - Pitching for Ft. Worth Cattlemen : LHP Bartolomeu Lio
Batting: RHB Hugh Mungus 0-0: Called Strike
0-1: Ball
1-1: Foul Ball, location: 2F
1-2: Ball
2-2: Ball
3-2: Fly out, F8 (Flyball, 8LD)
Batting: RHB Robert O'Connor 0-0: Ball
1-0: Ball
2-0: Called Strike
2-1: Fly out, F9 (Flyball, 9LS)
Now in RF: Keith Best
Batting: RHB Tony Farquharson 0-0: Swinging Strike
0-1: Ball
1-1: Ball
2-1: Ball
3-1: Base on Balls
Batting: LHB Aquiles Marmelo 0-0: Ground out 4-3 (Groundball, 34)
Bottom of the 2nd over - 0 run(s), 0 hit(s), 0 error(s), 1 left on base; Ft. Worth 0 - Vancouver 0
TOP OF THE 3RD
Ft. Worth Cattlemen batting - Pitching for Vancouver Grey Wolves : LHP Gerardo Pagán
Batting: RHB Jesús Martínez 0-0: Ball
1-0: Ground out 6-3 (Groundball, 6)
Batting: LHB Jesús Morales 0-0: Ground out 3-1 (Groundball, 34)
Batting: RHB Keith Best 0-0: Ball
1-0: Fly out, F9 (Flyball, 9LS)
Top of the 3rd over - 0 run(s), 0 hit(s), 0 error(s), 0 left on base; Ft. Worth 0 - Vancouver 0
BOTTOM OF THE 3RD
Vancouver Grey Wolves batting - Pitching for Ft. Worth Cattlemen : LHP Bartolomeu Lio
Batting: RHB Pau Arria 0-0: Ball
1-0: Fly out, F7 (Flyball, 7D)
Batting: SHB Ted Striker 0-0: Called Strike
0-1: Ball
1-1: Swinging Strike
1-2: Ball
2-2: Fly out, F4 (Line Drive, 4)
Batting: RHB Hank Scorpio 0-0: Ball
1-0: Ground out 6-3 (Groundball, 6)
Bottom of the 3rd over - 0 run(s), 0 hit(s), 0 error(s), 0 left on base; Ft. Worth 0 - Vancouver 0
TOP OF THE 4TH
Ft. Worth Cattlemen batting - Pitching for Vancouver Grey Wolves : LHP Gerardo Pagán
Batting: SHB Robby Day 0-0: Ground out 5-3 (Groundball, 56S)
Batting: RHB Bart Lewis 0-0: Ball
1-0: Ground out 6-3 (Groundball, 6)
Batting: LHB Ryan Westlake 0-0: Ball
1-0: Fly out, F6 (Flyball, 56D)
Top of the 4th over - 0 run(s), 0 hit(s), 0 error(s), 0 left on base; Ft. Worth 0 - Vancouver 0
BOTTOM OF THE 4TH
Vancouver Grey Wolves batting - Pitching for Ft. Worth Cattlemen : LHP Bartolomeu Lio
Batting: RHB Logan Namajunas 0-0: Ball
1-0: Foul Ball, location: 2F
1-1: Foul Ball, location: 2F
1-2: Fly out, F5 (Line Drive, 5)
Batting: RHB Frank Grimes 0-0: Ball
1-0: Ball
2-0: Ball
3-0: Called Strike
3-1: Base on Balls
Batting: RHB Hugh Mungus 0-0: Ball
1-0: Swinging Strike
1-1: Foul Ball, location: 2F
1-2: Strikes out swinging
Batting: RHB Robert O'Connor 0-0: Ball
1-0: Ground out 1-3 (Groundball, 13S)
Bottom of the 4th over - 0 run(s), 0 hit(s), 0 error(s), 1 left on base; Ft. Worth 0 - Vancouver 0
TOP OF THE 5TH
Ft. Worth Cattlemen batting - Pitching for Vancouver Grey Wolves : LHP Gerardo Pagán
Batting: LHB Nobuo Yamashita 0-0: Ball
1-0: SINGLE (Groundball, 34D)
Batting: RHB Tim Burney 0-0: Ball
1-0: Bunt missed!
1-1: Called Strike
1-2: Foul Ball, location: 2F
1-2: Strikes out swinging
Batting: RHB Santo Alba 0-0: Ball
1-0: Called Strike
Nobuo Yamashita is caught stealing 2nd base
1-1: Called Strike
1-2: Fly out, F9 (Flyball, 89M)
Top of the 5th over - 0 run(s), 1 hit(s), 0 error(s), 0 left on base; Ft. Worth 0 - Vancouver 0
BOTTOM OF THE 5TH
Vancouver Grey Wolves batting - Pitching for Ft. Worth Cattlemen : LHP Bartolomeu Lio
Batting: RHB Tony Farquharson 0-0: Ball
1-0: Ball
2-0: Swinging Strike
2-1: Foul Ball, location: 2F
2-2: Ball
3-2: Strikes out swinging
Batting: LHB Aquiles Marmelo 0-0: Ball
1-0: Ball
2-0: Ball
3-0: Called Strike
3-1: Foul Ball, location: 2F
3-2: Fly out, F8 (Flyball, 89S)
Batting: RHB Pau Arria 0-0: Called Strike
0-1: Swinging Strike
0-2: Ball
1-2: Ball
2-2: Foul Ball, location: 2F
2-2: Ball
3-2: Strikes out swinging
Bottom of the 5th over - 0 run(s), 0 hit(s), 0 error(s), 0 left on base; Ft. Worth 0 - Vancouver 0
TOP OF THE 6TH
Ft. Worth Cattlemen batting - Pitching for Vancouver Grey Wolves : LHP Gerardo Pagán
Batting: RHB Jesús Martínez 0-0: Bunted foul
0-1: Ball
1-1: Ball
2-1: Ground out 4-3 (Groundball, 4)
Batting: LHB Jesús Morales 0-0: Ball
1-0: Ground out U3 (Groundball, 34D)
Batting: RHB Keith Best 0-0: Ball
1-0: Ball
2-0: Ground out 6-3 (Groundball, 6)
Top of the 6th over - 0 run(s), 0 hit(s), 0 error(s), 0 left on base; Ft. Worth 0 - Vancouver 0
BOTTOM OF THE 6TH
Vancouver Grey Wolves batting - Pitching for Ft. Worth Cattlemen : LHP Bartolomeu Lio
Batting: SHB Ted Striker 0-0: DOUBLE (Line Drive, 78D)
Batting: RHB Hank Scorpio 0-0: Intentional Walk
Batting: RHB Logan Namajunas 0-0: Foul Ball, location: 2F
0-1: Fly out, F9 (Flyball, 9S)
Batting: RHB Frank Grimes 0-0: Called Strike
0-1: Ball
1-1: Ball
2-1: Ball
3-1: Called Strike
3-2: Grounds into double play, 5-4-3 (Groundball, 5)
Bottom of the 6th over - 0 run(s), 1 hit(s), 0 error(s), 1 left on base; Ft. Worth 0 - Vancouver 0
TOP OF THE 7TH
Ft. Worth Cattlemen batting - Pitching for Vancouver Grey Wolves : LHP Gerardo Pagán
Batting: SHB Robby Day 0-0: Ground out 5-3 (Groundball, 56)
Batting: RHB Bart Lewis 0-0: Ground out 6-3 (Groundball, 6S)
Batting: LHB Ryan Westlake 0-0: Ball
1-0: Called Strike
1-1: Foul Ball, location: 2F
1-2: Ground out 3-1 (Groundball, 34)
Top of the 7th over - 0 run(s), 0 hit(s), 0 error(s), 0 left on base; Ft. Worth 0 - Vancouver 0
BOTTOM OF THE 7TH
Vancouver Grey Wolves batting - Pitching for Ft. Worth Cattlemen : LHP Bartolomeu Lio
Batting: RHB Hugh Mungus 0-0: Swinging Strike
0-1: Ball
1-1: SINGLE (Groundball, 6D)
Pinch Runner at 1st Michael Malloy:
Batting: RHB Robert O'Connor 0-0: Called Strike
0-1: Called Strike
0-2: Ball
1-2: Grounds into double play, 6-4-3 (Groundball, 6D)
Batting: RHB Tony Farquharson 0-0: Foul Ball, location: 2F
0-1: Foul Ball, location: 2F
0-2: Ground out 4-3 (Groundball, 4)
Bottom of the 7th over - 0 run(s), 1 hit(s), 0 error(s), 0 left on base; Ft. Worth 0 - Vancouver 0
TOP OF THE 8TH
Ft. Worth Cattlemen batting - Pitching for Vancouver Grey Wolves : LHP Gerardo Pagán
Now at 3B: Danny Walsh
Batting: LHB Nobuo Yamashita 0-0: Swinging Strike
0-1: Foul Ball, location: 2F
0-2: Foul Ball, location: 2F
0-2: Strikes out swinging
Batting: RHB Tim Burney 0-0: Called Strike
0-1: Ball
1-1: Swinging Strike
1-2: Ball
2-2: Ball
3-2: SINGLE (Groundball, 56D)
Batting: RHB Santo Alba 0-0: Called Strike
0-1: SINGLE (Line Drive, 34D)
Tim Burney to second
Batting: RHB Jesús Martínez 0-0: Ball
1-0: Ball
2-0: Ball
3-0: Called Strike
3-1: Foul Ball, location: 2F
3-2: Foul Ball, location: 2F
3-2: SINGLE (Groundball, 3D)
Tim Burney to third
Santo Alba to second
Runner from 3rd tries for Home, SAFE, throw made home
Santo Alba to third
Jesús Martínez to second
Batting: LHB Jesús Morales 0-0: Ball
1-0: Foul Ball, location: 2F
1-1: Swinging Strike
1-2: Ground out U3 (Groundball, 34S)
Batting: RHB Keith Best 0-0: Ball
1-0: Called Strike
1-1: Ball
2-1: Ball
3-1: Base on Balls
Batting: SHB Robby Day 0-0: Ball
1-0: Foul Ball, location: 2F
1-1: Ball
2-1: Foul Ball, location: 2F
2-2: SINGLE (Line Drive, 5D)
Santo Alba scores
Jesús Martínez to third
Keith Best to second
Runner from 3rd tries for Home, throw and OUT!
Top of the 8th over - 2 run(s), 4 hit(s), 0 error(s), 2 left on base; Ft. Worth 2 - Vancouver 0
BOTTOM OF THE 8TH
Vancouver Grey Wolves batting - Pitching for Ft. Worth Cattlemen : LHP Bartolomeu Lio
Batting: LHB Aquiles Marmelo 0-0: Fly out, F8 (Flyball, 8RM)
Batting: RHB Pau Arria 0-0: Called Strike
0-1: Ball
1-1: Fly out, F2 (Popup, 2R)
Batting: SHB Ted Striker 0-0: Ball
1-0: Ball
2-0: Called Strike
2-1: Fly out, F8 (Flyball, 8RM)
Bottom of the 8th over - 0 run(s), 0 hit(s), 0 error(s), 0 left on base; Ft. Worth 2 - Vancouver 0
TOP OF THE 9TH
Ft. Worth Cattlemen batting - Pitching for Vancouver Grey Wolves : LHP Gerardo Pagán
Pitching: RHP Mark Simmons
Batting: RHB Bart Lewis 0-0: Ball
1-0: Called Strike
1-1: Foul Ball, location: 2F
1-2: SINGLE (Groundball, 56D)
Batting: LHB Ryan Westlake 0-0: Ball
1-0: Ball
2-0: Called Strike
2-1: Ball
3-1: Base on Balls
Bart Lewis to second
Pitching: RHP Francisco Valdés
Batting: LHB Nobuo Yamashita 0-0: Ball
1-0: Ball
2-0: Ball
3-0: Base on Balls
Bart Lewis to third
Ryan Westlake to second
Batting: RHB Tim Burney 0-0: Swinging Strike
0-1: Swinging Strike
0-2: Foul Ball, location: 2F
0-2: Strikes out swinging
Pinch Hitting: LHB Orlando Trevino 0-0: SINGLE (Groundball, 6MD)
Bart Lewis scores
Ryan Westlake to third
Nobuo Yamashita to second
Runner from 3rd tries for Home, SAFE, throw made home
Nobuo Yamashita to third
Orlando Trevino to second
Batting: RHB Jesús Martínez 0-0: Ball
1-0: Ball
2-0: Ground out 5-3 (Groundball, 5)
Batting: LHB Jesús Morales 0-0: Swinging Strike
0-1: Swinging Strike
0-2: Foul Ball, location: 2F
0-2: Ball
1-2: Strikes out swinging
Top of the 9th over - 2 run(s), 2 hit(s), 0 error(s), 2 left on base; Ft. Worth 4 - Vancouver 0
BOTTOM OF THE 9TH
Vancouver Grey Wolves batting - Pitching for Ft. Worth Cattlemen : LHP Bartolomeu Lio
Now at 3B: Davis Anderson
Batting: RHB Hank Scorpio 0-0: Ball
1-0: Called Strike
1-1: Swinging Strike
1-2: Ball
2-2: Ball
3-2: SINGLE (Flyball, 8LS)
Pitching: LHP Asher Spivey
Batting: RHB Logan Namajunas 0-0: Ball
1-0: Ball
2-0: Swinging Strike
2-1: Foul Ball, location: 2F
2-2: Strikes out swinging
Batting: RHB Frank Grimes 0-0: Ball
1-0: Ground out 6-3 (Groundball, 6S)
Hank Scorpio to second
Batting: RHB Danny Walsh 0-0: Ball
1-0: Foul Ball, location: 2F
1-1: Ball
2-1: Ball
3-1: Called Strike
3-2: Fly out, F3 (Popup, 3S)
Bottom of the 9th over - 0 run(s), 1 hit(s), 0 error(s), 1 left on base; Ft. Worth 4 - Vancouver 0
Saturday, May 26th, 2018 - OOTP Baseball 17.12 Build 75